 Dungeon Crawl Stone Soup version 0.24-a0-530-g18ba70b5 (webtiles) character file.

Game seed: 16874216267699914257

98 BoppinsLewinski the Sneak (level 4, 23/23 HPs)
             Began as a Spriggan Assassin on Aug 8, 2019.
             Quit the game on level 2 of the Dungeon on Aug 9, 2019.
             The game lasted 00:03:45 (1113 turns).

BoppinsLewinski the Sneak (Spriggan Assassin)       Turns: 1113, Time: 00:03:46

Health: 23/23      AC:  3    Str:  7    XL:     4   Next: 43%
Magic:  5/5        EV: 18    Int: 12    God:
Gold:   50         SH:  0    Dex: 18    Spells: 3/3 levels left

rFire    . . .     SeeInvis +   a - +2 dagger
rCold    . . .     Gourm    .   (shield restricted)
rNeg     . . .     Faith    .   b - +0 robe
rPois    .         Spirit   .   (helmet restricted)
rElec    .         Reflect  .   c - +0 cloak
rCorr    .         Harm     .   (gloves unavailable)
MR       .....                  (boots unavailable)
Stlth    ++++......             (no amulet)
HPRegen  0.07/turn              (no ring)
MPRegen  0.09/turn              (no ring)

@: very quick
A: very small, unfitting armour, see invisible, herbivore, speed 3, slow
metabolism 2
a: no special abilities


You were on level 2 of the Dungeon.
You were not hungry.

You visited 1 branch of the dungeon, and saw 2 of its levels.

You collected 50 gold pieces.

Inventory:

Hand Weapons
 a - a +2 dagger (weapon)
Missiles
 d - 11 poisoned darts (quivered)
 e - 2 curare-tipped darts
Armour
 b - a +0 robe (worn)
 c - a +0 cloak (worn)
Scrolls
 g - 2 scrolls of noise {unknown}
 h - a scroll of fear {unknown}
 i - 2 scrolls of teleportation {unknown}
 j - 2 scrolls of identify {unknown}
 l - a scroll of enchant armour {unknown}
 m - a scroll of blinking {unknown}
Potions
 k - a potion of cancellation {unknown}
 n - a potion of magic {unknown}
Comestibles
 f - 3 rations


   Skills:
 + Level 2.2 Fighting
 + Level 3.0 Short Blades
 - Level 2.0 Throwing
 + Level 3.0 Dodging
 * Level 7.2 Stealth


You had 3 spell levels left.
You didn't know any spells.
Your spell library was empty.

Dungeon Overview and Level Annotations

Branches:
Dungeon (2/15)

Altars:


Innate Abilities, Weirdness & Mutations

You are very small and have problems with some larger weapons.
You are too small for most types of armour.
You have supernaturally acute eyesight. (SInv)
You are a herbivore.
You cover ground extremely quickly.
You need to consume almost no food.


Message History

Nay target in view!
Nay target in view!
Nay target in view!
n - a gre'n potion Savin' game... please wait.
Welcome back, BoppinsLewinski tha Spriggan Assassin.
Press ? fer a list o' commands an' othar information.
Welcome back, BoppinsLewinski tha Spriggan Assassin.
Press ? fer a list o' commands an' othar information.
Be ye sure ye want ta abandon 'tis character an' quit tha game? (Confirm wit' "aye".) Okay, than.
Search fer what [? fer help]? aye Cannae find anythin' matchin' tha.
Search fer what [Enter fer "aye", or ? fer help]?
Aye Cannae find anythin' matchin' tha.
Search fer what [Enter fer "Aye", or ? fer help]? aye.
Cannae find anythin' matchin' tha.
Be ye sure ye want ta abandon 'tis character an' quit tha game? (Confirm wit' "aye".) Okay, than.
Be ye sure ye want ta abandon 'tis character an' quit tha game? (Confirm wit' "aye".)

######..# ........#
#######.# ##.#
######..#####
..........!%.###
$.#####.##....(####
#####.##.........
.......@......##
####.###†....## ..
#..>..# ##. ###.###
#. ... .... .####
##


There were no monsters in sight!

Vanquished Creatures
  A bullfrog (D:2)
  An adder (D:2)
  A worm (D:2)
  5 giant cockroaches
  A goblin (D:1)
  5 hobgoblins
  5 bats
  A kobold (D:1)
  5 rats
25 creatures vanquished.

Vanquished Creatures (others)
  5 toadstools (D:1)
5 creatures vanquished.

Grand Total: 30 creatures vanquished

Notes
Turn   | Place    | Note
-------+----------+-------------------------------------------
     0 | D:1      | BoppinsLewinski the Spriggan Assassin began the quest for
                  | the Orb.
     0 | D:1      | Reached XP level 1. HP: 10/10 MP: 2/2
    74 | D:1      | Reached skill level 6 in Stealth
   266 | D:1      | Reached XP level 2. HP: 15/15 MP: 3/3
   820 | D:2      | Reached XP level 3. HP: 9/18 MP: 4/4
   993 | D:2      | Noticed a bullfrog
  1019 | D:2      | Killed a bullfrog
  1019 | D:2      | Reached skill level 7 in Stealth
  1019 | D:2      | Reached XP level 4. HP: 23/23 MP: 5/5
  1113 | D:2      | Quit the game

Levels and vault maps discovered:
D:1:      ldierk_walled_garden, layout_basic
D:2:      layout_loops_ring, nicolae_qazlal_eye_of_the_storm,
          grunt_decor_fettered, kennysheep_slug_shrine, uniq_sigmund,
          uniq_terence

Skill      XL: |  1  2  3 |
---------------+----------+-----
Stealth        | 6 7 |  7.2
Dodging        | 2 3 |  3.0
Fighting       | 2 |  2.2
Short Blades   | 3 |  3.0
Throwing       | |  2.0

Action                   |  1- 3 |  4- 6 || total
-------------------------+-------+-------++-------
Melee: Dagger            |    48 |    10 ||    58
Throw: Dart              |     7 |     6 ||    13
 Stab: Sleeping          |    11 |       ||    11
Armor: Robe              |     3 |     2 ||     5
Dodge: Dodged            |    29 |     5 ||    34

Table legend:
 A = Non-vault XP
 B = Vault XP
 C = Vault XP percentage of total XP
 D = Non-vault monster count
 E = Vault monster count
 F = Vault count percentage of total count
                 A         B        C        D         E       F
            +---------+---------+-------+---------+---------+-------
      Total |     140 |       0 |   0.0 |      25 |       0 |   0.0
            +---------+---------+-------+---------+---------+-------
        D:1 |      20 |       0 |   0.0 |      13 |       0 |   0.0
        D:2 |     120 |       0 |   0.0 |      12 |       0 |   0.0
            +---------+---------+-------+---------+---------+-------
